 Dungeon Crawl Stone Soup version 0.28.0-45-g0d030f2227 (webtiles) character file.

Game seed: 6718312867791805077

7340 MisterFreud the Cruncher (level 10, -3/74 HPs)
             Began as a Red Draconian Wanderer on Mar 29, 2022.
             Was a Follower of Hepliaklqana.
             Slain by a gnoll
             ... wielding a +0 spear of freezing
              (8 damage)
             ... on level 10 of the Dungeon.
             The game lasted 00:50:26 (13173 turns).

MisterFreud the Cruncher (Red Draconian Wanderer)  Turns: 13173, Time: 00:50:27

Health: -3/74      AC:  8    Str: 19    XL:     10   Next: 91%
Magic:  10/10      EV: 20    Int: 12    God:    Hepliaklqana [*.....]
Gold:   590        SH:  0    Dex: 17    Spells: 9/9 levels left

rFire   + . .      SeeInvis .   a - +0 lajatang (freeze)
rCold   . . .      Faith    +   (shield currently unavailable)
rNeg    . . .      Spirit   .   (armour unavailable)
rPois   .          Reflect  .   e - +0 hat
rElec   .          Harm     .   (no cloak)
rCorr   .          Rampage  .   (no gloves)
Will    .....                   C - +0 pair of boots
Stlth   ++........              G - amulet of faith
HPRegen 0.22/turn               j - +4 ring of evasion
MPRegen 0.12/turn               m - +6 ring of strength

@: short of breath, slowed, very slow
A: reduced essence, breathe fire, AC +7, unfitting armour, fire resistance 1,
cold-blooded
a: Breathe Fire, Renounce Religion, Recall Ancestor, Ancestor Identity


You were on level 10 of the Dungeon.
You worshipped Hepliaklqana.
Hepliaklqana was aware of your devotion.
You visited 2 branches of the dungeon, and saw 11 of its levels.

You collected 590 gold pieces.

Inventory:

Hand Weapons
 a - a +0 lajatang of freezing (weapon)
 b - a +0 shortbow
 k - a +0 short sword of electrocution
 t - a +2 flail of protection
Missiles
 d - 88 arrows
 v - 3 javelins
 E - 2 boomerangs (quivered)
 I - a curare-tipped dart
Armour
 c - an orb of guile
 e - a +0 hat (worn)
 C - a +0 pair of boots (worn)
Jewellery
 j - a +4 ring of evasion (left hand)
 m - a +6 ring of strength (right hand)
 w - a ring of ice
 G - an amulet of faith (around neck)
 H - a ring of wizardry
 P - an amulet of regeneration
Wands
 z - a wand of iceblast (11)
 B - a wand of paralysis (8)
 K - a wand of mindburst (9)
 L - a wand of polymorph (3)
Scrolls
 h - a scroll of enchant weapon {unknown}
 i - 2 scrolls of magic mapping
 l - a scroll of blinking {unknown}
 o - a scroll of enchant armour {unknown}
 p - a scroll of silence
 q - a scroll of fear {unknown}
 r - a scroll of noise {unknown}
 y - a scroll of fog {unknown}
 F - a scroll of torment {unknown}
 J - a scroll of teleportation
 M - a scroll of immolation {unknown}
Potions
 f - 2 potions of lignification
 g - 3 potions of brilliance
 n - a potion of might
 s - 3 potions of degeneration
 u - a potion of mutation
 x - a potion of attraction
 A - a potion of berserk rage
 D - 4 potions of curing
 N - a potion of flight {unknown}
 O - a potion of invisibility {unknown}


   Skills:
 - Level 6.0 Fighting
 - Level 3.3(7.8) Polearms
 + Level 11.0(11.3) Staves
 - Level 5.0 Bows
 - Level 2.6 Throwing
 - Level 8.0 Dodging
 - Level 5.0 Evocations


You had 9 spell levels left.
You didn't know any spells.
Your spell library contained the following spells:

 Spells                   Type           Power      Damage    Failure   Level
 Beastly Appendage        Tmut           0%         N/A       32%         1
 Shock                    Conj/Air       0%         1d3       32%         1
 Blink                    Tloc           0%         N/A       45%         2
 Scorch                   Fire           0%         2d5       45%         2
 Wereblood                Tmut           0%         N/A       45%         2
 Gell's Gravitas          Tloc           0%         N/A       69%         3
 Inner Flame              Hex/Fire       0%         N/A       69%         3
 Lesser Beckoning         Tloc           0%         N/A       69%         3
 Ozocubu's Armour         Ice            0%         N/A       69%         3
 Spider Form              Tmut/Pois      0%         N/A       69%         3
 Swiftness                Air            0%         N/A       69%         3
 Teleport Other           Tloc           0%         N/A       69%         3
 Airstrike                Air            0%         N/A       97%         4
 Cause Fear               Hex            0%         N/A       97%         4
 Flame Wave               Conj/Fire      0%         2d4       97%         4
 Manifold Assault         Tloc           0%         N/A       100%        5
 Summon Cactus Giant      Summ           0%         N/A       100%        6
 Ozocubu's Refrigeration  Ice            0%         4d5       100%        7
 Storm Form               Tmut/Air       0%         N/A       100%        7
 Discord                  Hex            0%         N/A       100%        8


Dungeon Overview and Level Annotations

Branches:
Dungeon (10/15)            Temple (1/1) D:5            Lair (0/6) D:9
    Orc: D:9-12

Altars:
Ashenzari
Dithmenos
Fedhas
Gozag
Hepliaklqana
Makhleb
Nemelex Xobeh
Uskayaw
Vehumet
Zin
The Shining One
Lugonu

Annotations:
D:6 2 runed translucent doors
D:8 2 transporters, 3 runed translucent doors, vloertegel's ghost, novice DrFE


Innate Abilities, Weirdness & Mutations

Your life essence is reduced to manifest your ancestor. (-10% HP)
You can breathe blasts of fire.
Your fiery red scales are hard. (AC +7)
You cannot fit into any form of body armour.
Your flesh is heat resistant. (rF+)
You are cold-blooded and may be slowed by cold attacks.


Message History

Fire: 91 arrows
Press: ? - help, Q - select action, (/) - cycle Shift-Dir - straight line, f/p - two-headed ogre
Aim: a two-headed ogre, wielding two +0 giant clubs (moderately wounded, 78% to hit)
You shoot an arrow. The arrow hits the two-headed ogre.
The two-headed ogre is moderately wounded.
Unknown command.
Fire: 90 arrows
Press: ? - help, Q - select action, (/) - cycle Shift-Dir - straight line, f/p - two-headed ogre
Aim: a two-headed ogre, wielding two +0 giant clubs (moderately wounded, 78% to hit)
You shoot an arrow. The arrow hits the two-headed ogre.
The two-headed ogre is moderately wounded.
Unknown command.
Unknown command.
Fire: 89 arrows
Press: ? - help, Q - select action, (/) - cycle Shift-Dir - straight line, f/p - two-headed ogre
Aim: a two-headed ogre, wielding two +0 giant clubs (moderately wounded, 78% to hit)
You shoot an arrow.
The arrow barely misses the two-headed ogre.
Unknown command.
Your +0 lajatang of freezing glows with a cold blue light!
a - a +0 lajatang of freezing (weapon)
You slice the two-headed ogre!! You freeze the two-headed ogre.
The two-headed ogre is almost dead.
The gnoll misses you.
You completely miss the two-headed ogre.
You tail-slap the two-headed ogre, but do no damage.
The two-headed ogre is almost dead.
The two-headed ogre completely misses you.
The two-headed ogre hits you with a +0 giant club!!
The gnoll completely misses you.
You hit the two-headed ogre. You freeze the two-headed ogre.
The two-headed ogre is almost dead.
The gnoll hits you from afar with a +0 spear of freezing.
You feel yourself slow down. The gnoll freezes you.
The two-headed ogre hits you with a +0 giant club!! x2
* * * LOW HITPOINT WARNING * * *
You slash the two-headed ogre! You freeze the two-headed ogre.
You kill the two-headed ogre!
The gnoll hits you from afar with a +0 spear of freezing!
You die...

###### #....# #
#....# #.#....#
.####.#....######
((.)).)@..........
(.(()g#....#.....#
.#### #....#.....#
.. ###........#
... #........#
#.... #........#
#....###........#
#...............#
#........########


You could see a gnoll.

Vanquished Creatures
  3 two-headed ogres
  Pikel (D:6)
  2 komodo dragons (D:9)
  Sigmund (D:5)
  3 yaks (D:9)
  4 wyverns (D:9)
  3 wraiths
  A basilisk (D:9)
  A steam dragon (D:7)
  A water moccasin (D:7)
  2 orc warriors
  3 ice beasts
  A black bear (D:4)
  3 ogres
  A centaur (D:10)
  A necrophage (D:6)
  2 lemures
  3 bullfrogs
  A gnoll sergeant (D:5)
  A wyvern zombie (D:5)
  A scorpion (D:7)
  A wyvern skeleton (D:6)
  5 killer bees (D:8)
  3 howler monkeys
  A centaur zombie (D:8)
  2 jellies
  3 orc priests
  3 hounds
  A centaur skeleton (D:6)
  4 iguanas
  11 orc wizards
  A killer bee zombie (D:6)
  A hound zombie (D:5)
  9 gnolls
  11 adders
  A howler monkey skeleton (D:7)
  A shadow imp (D:7)
  2 worms (D:2)
  2 dart slugs
  36 orcs
  5 ball pythons
  2 endoplasms
  3 giant cockroaches
  6 goblins
  3 hobgoblins
  5 kobolds
  5 quokkas
  4 bats
  3 frilled lizards
  5 rats
178 creatures vanquished.

Vanquished Creatures (collateral kills)
  A hornet (D:10)
  A yak (D:9)
  A swamp drake (D:9)
  A gnoll shaman (D:10)
  2 gnolls (D:10)
  An orc (D:10)
7 creatures vanquished.

Vanquished Creatures (others)
  An ancestor (D:10)
  3 fungi (D:8)
  5 plants
9 creatures vanquished.

Grand Total: 194 creatures vanquished

Notes
Turn   | Place    | Note
-------+----------+-------------------------------------------
     0 | D:1      | MisterFreud the Draconian Wanderer began the quest for the
                  | Orb.
     0 | D:1      | MisterFreud set off with the following items: a +0 vorpal
                  | dagger, 3 curare-tipped darts, a +0 shortbow, 24 arrows, a
                  | +0 hat
     0 | D:1      | Reached XP level 1. HP: 16/16 MP: 1/1
   299 | D:1      | Reached XP level 2. HP: 25/25 MP: 2/2
   912 | D:3      | Noticed a sky beast
   942 | D:2      | Reached XP level 3. HP: 30/31 MP: 3/3
   978 | D:2      | Found a faded altar of an unknown god.
  1604 | D:2      | Reached XP level 4. HP: 33/41 MP: 4/4
  1940 | D:3      | Reached skill level 5 in Fighting
  2199 | D:2      | Reached XP level 5. HP: 48/48 MP: 5/5
  2496 | D:3      | Found a glowing silver altar of Zin.
  2605 | D:4      | Noticed a black bear
  3229 | D:5      | Entered Level 5 of the Dungeon
  3229 | D:5      | Noticed Sigmund
  3229 | D:5      | Noticed an ogre
  3674 | D:4      | Killed a black bear
  3675 | D:4      | Reached XP level 6. HP: 45/56 MP: 6/6
  4276 | D:6      | Noticed Pikel
  4324 | D:7      | Your scales start taking on a fiery red colour.
  4324 | D:7      | Reached XP level 7. HP: 37/63 MP: 7/7
  4324 | D:7      | Gained mutation: Your flesh is heat resistant. (rF+) [Red
                  | Draconian growth]
  4737 | D:6      | Noticed a hornet
  4746 | D:6      | Reached skill level 5 in Bows
  4746 | D:6      | Reached skill level 1 in Polearms
  5222 | D:7      | Reached XP level 8. HP: 22/70 MP: 8/8
  5688 | D:6      | Found a large runed translucent door.
  5689 | D:6      | Found a large runed translucent door.
  5837 | D:7      | Reached skill level 5 in Dodging
  6130 | D:7      | Paralysed by an orc for 4 turns
  6775 | D:8      | Noticed a two-headed ogre
  7730 | D:8      | You fall into a shaft and drop 1 floor!
  7763 | D:10     | Entered Level 10 of the Dungeon
  7811 | D:9      | Reached skill level 1 in Staves
  7811 | D:9      | Reached XP level 9. HP: 41/75 MP: 9/9
  8160 | D:9      | Noticed a two-headed ogre
  8174 | D:9      | Killed a two-headed ogre
  8175 | D:9      | Reached skill level 3 in Staves
  8403 | D:9      | Found a radiant altar of Vehumet.
  8696 | D:5      | Reached skill level 4 in Staves
  8713 | D:5      | Killed Sigmund
  8874 | D:5      | Found a blossoming altar of Fedhas.
  8973 | D:5      | Found a staircase to the Ecumenical Temple.
  8991 | Temple   | Entered the Ecumenical Temple
  9043 | Temple   | Became a worshipper of Hepliaklqana the Forgotten
  9305 | D:6      | Killed Pikel
  9306 | D:6      | Reached skill level 5 in Staves
  9306 | D:6      | Reached skill level 5 in Evocations
  9322 | D:6      | Reached skill level 6 in Staves
 10370 | D:8      | Killed a two-headed ogre
 10371 | D:8      | Reached skill level 7 in Staves
 10371 | D:8      | Reached XP level 10. HP: 25/83 MP: 10/10
 10715 | D:8      | Found a transporter.
 10715 | D:8      | Found a corrupted altar of Lugonu.
 10717 | D:8      | Noticed a cyan ugly thing
 10959 | D:8      | Found a transporter.
 11292 | D:8      | Found a runed translucent gate.
 11292 | D:8      | Found a runed translucent gate.
 11292 | D:8      | Found a runed translucent gate.
 11297 | D:8      | Noticed vloertegel's ghost (novice DrFE)
 11468 | D:9      | Reached skill level 8 in Staves
 11507 | D:9      | Reached * piety under Hepliaklqana
 11630 | D:9      | Reached skill level 9 in Staves
 12016 | D:9      | Reached skill level 10 in Staves
 12258 | D:9      | Found a staircase to the Lair.
 12681 | D:10     | Reached skill level 11 in Staves
 12687 | D:10     | HP: 3/74 [poisoned by a hornet]
 13160 | D:10     | Noticed a two-headed ogre
 13173 | D:10     | Killed a two-headed ogre
 13173 | D:10     | Slain by a gnoll

Illustrated notes

Levels and vault maps discovered:
D:1:      nzn_arrival_water_spiral, layout_basic
D:2:      layout_basic, basic_ecumenical_altar, kennysheep_generic_room_2
D:3:      layout_basic, nicolae_overflow_crystal_walls
D:4:      layout_basic, hangedman_decor_peaks_small
D:5:      layout_rooms, mainiacjoe_overflow_alcove_4,
          minmay_temple_entry_sparse_star, uniq_sigmund
D:6:      layout_basic, jmf_multi_god_temple2, mrwooster_statue_mirror,
          uniq_pikel
D:7:      layout_basic
D:8:      gammafunk_corrupted_shrine, layout_basic,
          gammafunk_ghost_nasty_kobolds, eino_tiny_chamber
D:9:      layout_irregular_city, mainiacjoe_overflow_chevrons, erik_lair_dragon
D:10:     layout_basic, kennysheep_generic_room_16
Temple:   minmay_crystal_spiral_temple

Skill      XL: |  1  2  3  4  5  6  7  8  9 10 |
---------------+-------------------------------+-----
Fighting       | 2 3 4 5 6 |  6.0
Dodging        | 2 4 7 8 |  8.0
Bows           | 3 5 |  5.0
Polearms       | 3 |  3.3
Evocations     | 3 5 |  5.0
Staves         | 1 7 11 | 11.0
Throwing       | |  2.6

Action                   |  1- 3 |  4- 6 |  7- 9 | 10-12 || total
-------------------------+-------+-------+-------+-------++-------
Melee: Dagger            |    94 |    92 |    11 |       ||   197
       Tailslap          |    13 |     6 |    44 |    12 ||    75
       Punch             |     2 |       |     2 |       ||     4
       Short sword       |       |       |    82 |       ||    82
       Lajatang          |       |       |   107 |    97 ||   204
 Fire: Shortbow          |    19 |   106 |   103 |    56 ||   284
Throw: Dart              |     3 |     8 |       |       ||    11
 Abil: Breathe Fire      |       |       |    40 |    11 ||    51
  Use: Scroll            |       |     5 |     5 |     4 ||    14
       Potion            |       |     4 |     2 |       ||     6
 Stab: Sleeping          |       |       |       |     1 ||     1
Armor: Skin              |    21 |    45 |    48 |    19 ||   133
Dodge: Dodged            |    67 |   210 |   252 |    97 ||   626
